 Dungeon Crawl Stone Soup version 0.30.0-15-g856e2d3f33 (webtiles) character file.

Game seed: 13917566274746551672

278246 gelatine the Marksdemonspawn (level 19, 0/177 HPs)
             Began as a Demonspawn Hunter on May 18, 2023.
             Was a High Priest of Fedhas.
             Killed by the air
             ... invoked by a blizzard demon
             ... summoned by a dread lich
              (14 damage)
             ... on level 1 of the Depths.
             The game lasted 02:11:47 (28205 turns).

gelatine the Marksdemonspawn (Demonspawn Hunter)   Turns: 28205, Time: 02:11:47

Health: 0/177      AC: 29    Str: 21    XL:     19   Next: 62%
Magic:  29/29      EV: 25    Int: 11    God:    Fedhas [*****.]
Gold:   3007       SH:  5    Dex: 23    Spells: 29/31 levels left

rFire   . . .        E - +8 longbow (freeze)
rCold   . . .        (shield currently unavailable)
rNeg    . . .        t - +4 storm dragon scales {Bai Suzhen}
rPois   .            F - +1 hat "Onigum" {Str+2 Stlth+}
rElec   +            n - +2 cloak
rCorr   .            (gloves unavailable)
SInv    .            w - +2 pair of boots {rampage}
Will    +....        V - amulet of reflection
Stlth   +            L - +5 ring of evasion
HPRegen 1.29/turn    H - +6 ring of strength
MPRegen 0.21/turn

%: reflection, rampage
@: mighty, agile, very slow
A: claws 3, powered by pain 3, spiny 1, sharp scales 3, horns 2, regeneration 1,
robust 1
}: 2/15 runes: decaying, gossamer
a: Renounce Religion, Wall of Briars, Grow Ballistomycete, Overgrow, Grow Oklob


You were on level 1 of the Depths.
You worshipped Fedhas.
Fedhas was extremely pleased with you.
You visited 7 branches of the dungeon, and saw 32 of its levels.
You visited 1 bazaar.
You also visited: Gauntlet and Ice Cave.

You collected 3470 gold pieces.
You spent 463 gold pieces at shops.

Inventory:

Hand Weapons
 e - a +2 longbow of flaming
 k - a +2 hand crossbow of flaming
 s - the +7 long sword "Mirphuh" {vamp, rN+ Int+2}
   (You found it in a Gauntlet)

   Int:       It affects your intelligence (+2).
   rN:        It protects you from negative energy.
 E - a +8 longbow of freezing (weapon)
Armour
 h - an orb of light
 n - a +2 cloak (worn)
 t - +4 storm dragon scales (worn) {Bai Suzhen}
 w - a +2 pair of boots of rampaging (worn)
 F - the +1 hat "Onigum" (worn) {Str+2 Stlth+}
   (You acquired it in a Gauntlet)

   Str:       It affects your strength (+2).
   Stlth:     It makes you more stealthy.
 N - a +1 pair of gloves
 R - +0 acid dragon scales
 T - +0 swamp dragon scales
 Y - +0 gold dragon scales
Jewellery
 o - a ring of see invisible
 q - a +6 ring of dexterity
 u - a ring of poison resistance
 C - a ring of flight
 H - a +6 ring of strength (right claw)
 I - a ring of ice
 J - a ring of willpower
 L - a +5 ring of evasion (left claw)
 V - an amulet of reflection (around neck)
 W - an amulet of the acrobat
 X - an amulet of magic regeneration
Wands
 a - a wand of charming (36)
 c - a wand of light (5)
 d - a wand of mindburst (33)
 y - a wand of digging (12)
 z - a wand of roots (31)
Scrolls
 b - 5 scrolls of immolation
 g - 17 scrolls of teleportation
 r - 6 scrolls of magic mapping
 v - a scroll of amnesia
 x - 5 scrolls of poison
 A - a scroll of identify
 M - a scroll of brand weapon
 S - 2 scrolls of fear
 U - 5 scrolls of fog
Potions
 f - 2 potions of resistance
 j - 4 potions of ambrosia
 l - 14 potions of curing
 m - 3 potions of flight
 p - 3 potions of cancellation
 B - 10 potions of might
 G - 3 potions of invisibility
 P - 4 potions of heal wounds
 Q - 8 potions of haste
Miscellaneous
 i - a tin of tremorstones (2/2)
 K - a phial of floods


   Skills:
 * Level 17.2 Fighting
 - Level 18.3 Ranged Weapons
 * Level 10.9 Armour
 * Level 10.5 Dodging
 + Level 6.3 Stealth
 * Level 8.6 Shields
 + Level 6.7 Spellcasting
 + Level 1.1 Transmutations
 * Level 12.9 Invocations
 + Level 4.2 Evocations


You had 29 spell levels left.
You knew the following spells:

 Your Spells              Type           Power      Damage    Failure   Level
a - Wereblood             Tmut           6%         N/A       71%         2

Your spell library contained the following spells:

 Spells                   Type           Power      Damage    Failure   Level
 Beastly Appendage        Tmut           12%        N/A       56%         1
 Sandblast                Erth           6%         2d5       73%         1
 Shock                    Conj/Air       12%        1d3       73%         1
 Passwall                 Tmut/Erth      3%         N/A       78%         2
 Scorch                   Fire           6%         2d5       86%         2
 Sublimation of Blood     Necr           3%         N/A       86%         2
 Spider Form              Tmut/Pois      4%         N/A       95%         3
 Dazzling Flash           Conj/Hex       6%         N/A       97%         3
 Ozocubu's Armour         Ice            3%         N/A       97%         3
 Swiftness                Air            3%         N/A       97%         3
 Tukima's Dance           Hex            3%         N/A       97%         3
 Vhi's Electric Charge    Tloc/Air       6%         N/A       97%         3
 Airstrike                Air            1%         2d(1-17)  100%        4
 Animate Armour           Summ/Erth      6%         N/A       100%        4
 Flame Wave               Conj/Fire      3%         2d5       100%        4
 Leda's Liquefaction      Hex/Erth       1%         N/A       100%        4
 Passage of Golubria      Tloc           3%         N/A       100%        4
 Summon Ice Beast         Ice/Summ       3%         N/A       100%        4
 Agony                    Necr           3%         N/A       100%        5
 Arcjolt                  Conj/Air       1%         1d11      100%        5
 Blade Hands              Tmut           3%         N/A       100%        5
 Silence                  Hex/Air        1%         N/A       100%        5
 Summon Forest            Summ/Tloc      1%         N/A       100%        5
 Summon Mana Viper        Hex/Summ       3%         N/A       100%        5
 Yara's Violent Unravell  Hex/Tmut       2%         3d3       100%        5
 Eringya's Noxious Bog    Tmut/Pois      2%         N/A       100%        6
 Iron Shot                Conj/Erth      1%         9d1       100%        6
 Plasma Beam              Fire/Air       1%         2x1d12    100%        6
 Statue Form              Tmut/Erth      2%         N/A       100%        6
 Summon Cactus Giant      Summ           1%         N/A       100%        6
 Monstrous Menagerie      Summ           1%         N/A       100%        7
 Ozocubu's Refrigeration  Ice            1%         4d7       100%        7
 Summon Hydra             Summ           1%         N/A       100%        7


Dungeon Overview and Level Annotations

Branches:
Dungeon (15/15)            Temple (1/1) D:4            Lair (5/5) D:8
  Swamp (4/4) Lair:2       Spider (4/4) Lair:2        Slime (0/5) Lair:4
    Orc (2/2) D:12            Elf (0/3) Orc:2        Vaults (0/5) D:13
 Depths (1/4) D:15          IceCv (visited)         Gauntlet (visited)

Altars:
Ashenzari
Cheibriados
Dithmenos
Fedhas
Gozag
Hepliaklqana
Kikubaaqudgha
Makhleb
Nemelex Xobeh
Okawaru
Qazlal
Ru
Sif Muna
Trog
Uskayaw
Vehumet
Wu Jian
Xom
Yredelemnul

Shops:
D:3 [   D:9 [   Orc:2 *((:(

Portals:
Hell: Depths:1
Ziggurat: Depths:1

Annotations:
D:12 3 runed translucent doors, Liamsmither's ghost, journeyman DjFE


Innate Abilities, Weirdness & Mutations

You have claws for hands.
You are powered by pain.
You are partially covered in sharp spines.
You are completely covered in razor-sharp scales. (AC +3, Slay +3)
You have a pair of horns on your head.
Your natural rate of healing is unusually fast.
You are robust. (+10% HP)


Message History

Press: ? - help, Q - select action, (/) - cycle Shift-Dir - straight line, f/p - iron golem
Aim: an iron golem (heavily damaged, blind, 88% to hit)
You shoot an arrow. The arrow hits the iron golem!!
The iron golem is heavily damaged.
The iron golem closely misses you. The iron golem hits you!!!
* * * LOW HITPOINT WARNING * * *
You focus on the pain.
You feel agile all of a sudden.
The dread lich gestures wildly while chanting.
The iron golem is no longer blind.
The blizzard demon waves its arms in wide circles.
The air twists around and strikes you.
The blizzard demon attacks as you move away!
The blizzard demon is struck by your spines.
The blizzard demon barely misses you. The blizzard demon closely misses you.
The blizzard demon attacks as you move away!
The blizzard demon is struck by your spines.
The blizzard demon hits you but does no damage. x2
The blizzard demon attacks as you move away!
The blizzard demon is struck by your spines.
The blizzard demon barely misses you. The blizzard demon closely misses you.
The blizzard demon attacks as you move away!
The blizzard demon is struck by your spines.
The blizzard demon hits you!
* * * LOW HITPOINT WARNING * * *
The blizzard demon hits you but does no damage.
The blizzard demon attacks as you move away!
The blizzard demon closely misses you. The blizzard demon hits you!
* * * LOW HITPOINT WARNING * * *
The blizzard demon gestures at you. The bolt of cold hits you!!
* * * LOW HITPOINT WARNING * * *
You focus on the pain.
You feel mightier all of a sudden.
You enter the shallow water.
Moving in this stuff is going to be slow.
The blizzard demon waves its arms in wide circles.
The air twists around and strikes you!
You die...
Fedhas appreciates your contribution to the ecosystem.

..#.......#####.#.##.....#
......(.....#.....##.....#
≈≈.......##.......###'''##
~≈~.....####.##.9.# .....#
.~~.....##........##.....#
................2###.....#
.................###.....####
...................#.._..##.##
...[...........~@○.########..##
....≈~≈~~......≈≈≈○≈~~~.......#
.....≈≈≈≈≈...#.~≈≈○≈........###
†)...~≈≈≈~.....~~≈≈~.#....###
.....~~~~~....~~≈≈≈~....###
..>....~~......~≈≈≈~~....#
.......~~..###.~~≈≈≈~....#
.....#......#....~≈~~..###
.....#.....##......~~.?.#


You could see an iron golem and a blizzard demon (summoned).

Vanquished Creatures
  Bai Suzhen (Swamp:3)
  A golden dragon (Depths:1)
  Jorgrun (Spider:1)
  Mlioglotl (Swamp:4)
  Roxanne (D:15)
  A frost giant (IceCv)
  7 emperor scorpions
  3 ghost moths
  2 very ugly things (Swamp:4)
  3 broodmothers
  Nessos (Lair:5)
  A spark wasp (Spider:1)
  3 eleionomae
  7 bunyips
  A minotaur (Gauntlet)
  2 green deaths (Swamp:4)
  2 fire dragons (Depths:1)
  A great orb of eyes (Swamp:4)
  3 entropy weavers
  2 vault guards (D:13)
  Harold (Lair:2)
  3 ice dragons
  A hell beast (Swamp:4)
  12 hydras
  Erolcha (Orc:1)
  4 radroaches
  A ghost crab (Swamp:3)
  2 jorogumos (Spider:4)
  5 centaur warriors
  3 ogre magi
  2 catoblepae
  4 boulder beetles
  A deep troll shaman (Lair:5)
  A death scarab (Spider:4)
  14 two-headed ogres
  6 alligators
  A vampire mage (Depths:1)
  A tengu warrior (D:14)
  15 death yaks
  A spriggan berserker (Depths:1)
  Nergalle (Lair:3)
  11 spriggans
  A thrashing horror (Swamp:4)
  A skyshark (Lair:2)
  2 pharaoh ants
  A sun moth (Spider:4)
  4 goliath frogs
  3 spriggan druids
  6 swamp dragons
  11 orb spiders
  3 wizards
  2 deep trolls (Orc:2)
  6 steelbarb worms
  7 bog bodies
  A necromancer (D:13)
  2 orc knights (D:15)
  19 ugly things
  A deep elf pyromancer (D:12)
  5 will-o-the-wisps
  An orc sorcerer (Orc:1)
  A lindwurm (Lair:5)
  19 wolf spiders
  3 manticores
  5 moths of wrath
  8 cyclopes
  A guardian serpent (shapeshifter) (D:15)
  An ice statue (IceCv)
  20 elephants
  6 demonic crawlers
  Maurice (D:12)
  5 black mambas
  3 gargoyles
  4 torpor snails
  3 orange demons (Swamp:4)
  5 cane toads
  10 rime drakes
  A kobold demonologist (D:9)
  10 komodo dragons
  A tengu conjurer (D:14)
  3 meliai (Spider:4)
  Grinder (D:3)
  13 trolls
  3 tyrant leeches
  11 hornets
  7 polar bears
  33 tarantellas
  A wind drake (shapeshifter) (D:14)
  2 bloated husks
  17 blink frogs
  4 dream sheep (Lair:5)
  6 slime creatures
  3 shadows
  22 jumping spiders
  A jumping spider (shapeshifter) (D:14)
  19 culicivoras
  13 water elementals (Depths:1)
  A wraith (D:12)
  3 vampires
  9 wyverns
  60 yaks
  A fire elemental (Lair:2)
  19 humans (D:13)
  2 fire bats (Lair:2)
  4 chaos spawn (Gauntlet)
  16 vampire mosquitoes
  3 basilisks
  2 neqoxecs (Gauntlet)
  66 redbacks
  2 steam dragons
  A large abomination (Swamp:4)
  11 water moccasins
  6 wargs
  11 swamp worms
  4 acid dragons
  14 orc warriors
  An ice beast (D:8)
  3 black bears
  A swamp drake (Swamp:2)
  30 ogres
  38 wolves
  7 centaurs
  A phantom (D:4)
  Blork the orc (D:5)
  A kobold brigand (D:6)
  7 bullfrogs
  A gnoll sergeant (D:9)
  2 scorpions
  10 wights (D:9)
  8 killer bees
  A howler monkey (D:13)
  3 electric eels
  2 jellies (D:6)
  2 lava snakes (Lair:2)
  2 hounds
  17 orc priests
  A gnoll bouda (D:7)
  2 sleepcaps (D:5)
  2 iguanas (D:7)
  Terence (D:2)
  11 orc wizards
  17 gnolls
  5 adders
  A shadow imp (D:5)
  2 white imps
  3 ufetubi
  3 worms (D:2)
  2 dart slugs
  74 orcs
  9 endoplasms
  A giant cockroach (D:3)
  5 goblins
  8 hobgoblins
  8 jackals (D:1)
  10 kobolds
  9 quokkas
  6 ball pythons
  9 bats
  3 frilled lizards
  4 rats
  2 starspawn tentacles (Swamp:4)
1048 creatures vanquished.

Vanquished Creatures (collateral kills)
  A hell beast (Swamp:4)
  A slime creature (Swamp:4)
  A tarantella (Spider:4)
  A culicivora (Spider:2)
  A human (D:13)
  4 redbacks (Spider:1)
  A wolf (IceCv)
  10 ballistomycete spores
20 creatures vanquished.

Vanquished Creatures (others)
  A spriggan druid (Swamp:3)
  A swamp worm (Swamp:3)
  An orc wizard (D:4)
  A ballistomycete spore (Swamp:4)
  A butterfly (Swamp:4)
  10 foxfires
15 creatures vanquished.

Grand Total: 1083 creatures vanquished

Notes
Turn   | Place    | Note
-------+----------+-------------------------------------------
     0 | D:1      | gelatine the Demonspawn Hunter began the quest for the Orb.
     0 | D:1      | Reached XP level 1. HP: 16/16 MP: 1/1
   191 | D:1      | Reached skill level 4 in Ranged Weapons
   191 | D:1      | Gained mutation: You are partially covered in razor-sharp
                  | scales. (AC +1, Slay +1) [demonic ancestry]
   191 | D:1      | Reached XP level 2. HP: 22/22 MP: 2/2
   846 | D:1      | Reached skill level 1 in Stealth
   850 | D:1      | Reached XP level 3. HP: 27/27 MP: 3/3
  1006 | D:2      | Noticed Terence
  1019 | D:2      | Killed Terence
  1102 | D:2      | Reached XP level 4. HP: 32/33 MP: 4/4
  1889 | D:2      | Reached skill level 1 in Armour
  2131 | D:3      | Noticed Grinder
  2137 | D:3      | Paralysed by Grinder for 4 turns
  2145 | D:3      | Killed Grinder
  2146 | D:3      | Reached skill level 5 in Ranged Weapons
  2146 | D:3      | Reached XP level 5. HP: 5/41 MP: 5/5
  2146 | D:3      | Reached XP level 6. HP: 6/47 MP: 6/6
  2642 | D:3      | Reached skill level 6 in Ranged Weapons
  2776 | D:3      | Found Kivamot's Antique Armour Boutique.
  2784 | D:3      | Bought a pair of boots for 139 gold pieces
  2958 | D:3      | Gained mutation: You occasionally lose the ability to drink
                  | potions when taking damage. [potion of mutation]
  2958 | D:3      | Gained mutation: You have a pair of small antennae on your
                  | head. [potion of mutation]
  2958 | D:3      | Gained mutation: You passively dampen the noise of your
                  | surroundings. [potion of mutation]
  3066 | D:3      | Lost mutation: You have a pair of small antennae on your
                  | head. [potion of mutation]
  3066 | D:3      | Lost mutation: You occasionally lose the ability to drink
                  | potions when taking damage. [potion of mutation]
  3066 | D:3      | Lost mutation: You passively dampen the noise of your
                  | surroundings. [potion of mutation]
  3066 | D:3      | Gained mutation: Your natural rate of healing is unusually
                  | fast. [potion of mutation]
  3066 | D:3      | Gained mutation: You have a pair of small horns on your
                  | head. [potion of mutation]
  3066 | D:3      | Gained mutation: You are robust. (+10% HP) [potion of
                  | mutation]
  3066 | D:3      | Gained mutation: You have a pair of horns on your head.
                  | [potion of mutation]
  3076 | D:4      | Gained mutation: You are mostly covered in razor-sharp
                  | scales. (AC +2, Slay +2) [demonic ancestry]
  3076 | D:4      | Reached XP level 7. HP: 57/57 MP: 7/7
  3179 | D:4      | Found a staircase to the Ecumenical Temple.
  3455 | D:4      | Reached skill level 7 in Ranged Weapons
  3800 | D:5      | Entered Level 5 of the Dungeon
  3896 | D:5      | Noticed Blork the orc
  3907 | D:5      | Killed Blork the orc
  3908 | D:5      | Gained mutation: You are partially covered in sharp spines.
                  | [demonic ancestry]
  3908 | D:5      | Reached XP level 8. HP: 44/66 MP: 8/8
  3912 | D:5      | Identified the +4 flail of Forhihor {drain, *Rage Dex+3
                  | SInv}
  4383 | D:6      | Reached skill level 8 in Ranged Weapons
  4738 | D:6      | Found a blossoming altar of Fedhas.
  4741 | D:6      | Became a worshipper of Fedhas Madash
  4870 | D:6      | Found a snail-covered altar of Cheibriados.
  5061 | Temple   | Entered the Ecumenical Temple
  5393 | D:7      | Reached skill level 9 in Ranged Weapons
  5518 | D:7      | Reached XP level 9. HP: 72/72 MP: 9/9
  5585 | D:7      | You fall into a shaft and drop 1 floor!
  5913 | D:8      | Found a staircase to the Lair.
  5914 | D:8      | Noticed a komodo dragon
  5920 | D:8      | Killed a komodo dragon
  5921 | D:8      | Reached skill level 5 in Fighting
  6727 | D:9      | Reached * piety under Fedhas
  6807 | D:9      | Reached skill level 10 in Ranged Weapons
  6971 | D:9      | Noticed a two-headed ogre
  6976 | D:9      | Killed a two-headed ogre
  6977 | D:9      | Reached XP level 10. HP: 83/83 MP: 10/10
  7065 | D:9      | Reached ** piety under Fedhas
  7076 | D:9      | Reached skill level 11 in Ranged Weapons
  7129 | D:9      | Noticed a two-headed ogre
  7137 | D:9      | Killed a two-headed ogre
  7229 | D:9      | Found Edghoz's Armour Shoppe.
  7523 | D:9      | Reached skill level 5 in Stealth
  7707 | D:9      | Reached skill level 5 in Dodging
  7710 | D:9      | Reached skill level 12 in Ranged Weapons
  7821 | D:9      | Reached *** piety under Fedhas
  7876 | D:9      | Noticed a sun demon
  7951 | D:10     | Entered Level 10 of the Dungeon
  7964 | D:10     | Reached skill level 1 in Invocations
  8003 | D:10     | Gained mutation: You have sharp fingernails. [demonic
                  | ancestry]
  8003 | D:10     | Reached XP level 11. HP: 81/91 MP: 12/12
  8237 | D:10     | Found a shimmering blue altar of Sif Muna.
  8259 | D:10     | Found a shadowy altar of Dithmenos.
  8261 | D:10     | Reached skill level 5 in Armour
  8522 | D:11     | Noticed a white ugly thing
  8535 | D:11     | Killed a white ugly thing
  8745 | D:11     | Reached skill level 13 in Ranged Weapons
  8788 | D:11     | Reached **** piety under Fedhas
  9096 | D:11     | Identified 2 scrolls of acquirement
  9096 | D:11     | Acquired a +2 hand crossbow of flaming
  9127 | D:12     | Noticed Maurice
  9284 | D:12     | Killed Maurice
  9339 | D:12     | Found a staircase to the Orcish Mines.
  9403 | D:12     | Noticed a cyan ugly thing
  9408 | D:12     | Killed a cyan ugly thing
  9409 | D:12     | Reached skill level 1 in Shields
  9511 | D:12     | Noticed a two-headed ogre
  9514 | D:12     | Killed a two-headed ogre
  9515 | D:12     | Gained mutation: You sometimes gain a little power by
                  | taking damage. [demonic ancestry]
  9515 | D:12     | Reached XP level 12. HP: 101/101 MP: 14/14
  9622 | D:12     | Found a runed translucent gate.
  9626 | D:12     | Found a runed translucent gate.
  9627 | D:12     | Found a runed translucent gate.
  9629 | D:12     | Noticed Liamsmither's ghost (journeyman DjFE)
  9786 | D:12     | Reached skill level 14 in Ranged Weapons
  9979 | D:13     | Found a flickering gateway to a bazaar.
  9984 | Bazaar   | Entered a bazaar
 10005 | Bazaar   | Found Poewkox's Weapon Shoppe.
 10005 | Bazaar   | Found Mofaw's Jewellery Emporium.
 10027 | Bazaar   | Found Ungoer's Armour Emporium.
 10043 | Bazaar   | Found Vulun's Assorted Antiques.
 10122 | Bazaar   | Bought an amulet of reflection for 270 gold pieces
 10153 | Bazaar   | Bought 2 scrolls labelled WONEPO OTWECKA for 54 gold pieces
 10158 | Bazaar   | Acquired a +7 longbow of freezing
 10329 | D:13     | Noticed a centaur warrior
 10332 | D:13     | Killed a centaur warrior
 10441 | D:13     | Noticed a centaur warrior
 10447 | D:13     | Killed a centaur warrior
 10553 | D:13     | Found a shimmering blue altar of Sif Muna.
 10556 | D:13     | Found a burning altar of Makhleb.
 10556 | D:13     | Found a broken altar of Ashenzari.
 10558 | D:13     | Found a shimmering altar of Xom.
 10558 | D:13     | Found a sacrificial altar of Ru.
 10558 | D:13     | Found a snail-covered altar of Cheibriados.
 10770 | D:13     | Found a gate to the Vaults.
 10770 | D:13     | Noticed a vault guard
 10770 | D:13     | Noticed a vault guard
 10807 | D:13     | Reached skill level 5 in Invocations
 10809 | D:13     | Killed a vault guard
 10813 | D:13     | Killed a vault guard
 11087 | D:14     | Noticed a centaur warrior
 11090 | D:14     | Killed a centaur warrior
 11192 | D:14     | Noticed a tengu warrior
 11199 | D:14     | Killed a tengu warrior
 11199 | D:14     | Reached ***** piety under Fedhas
 11200 | D:14     | Reached skill level 15 in Ranged Weapons
 11207 | D:14     | Reached XP level 13. HP: 36/111 MP: 17/17
 11286 | D:14     | Found a gate leading to a gauntlet.
 11312 | Gauntlet | Entered a Gauntlet
 11312 | Gauntlet | Found a transporter.
 11312 | Gauntlet | Found a transporter.
 11324 | Gauntlet | Found a transporter.
 11325 | Gauntlet | Found a transporter.
 11326 | Gauntlet | Found a transporter.
 11328 | Gauntlet | Found a transporter.
 11354 | Gauntlet | Found a transporter.
 11357 | Gauntlet | Found a transporter.
 11361 | Gauntlet | Found a runed translucent door.
 11361 | Gauntlet | Found a runed translucent door.
 11365 | Gauntlet | Found a transporter.
 11383 | Gauntlet | Found a transporter.
 11403 | Gauntlet | Found a transporter.
 11404 | Gauntlet | Found a transporter.
 11495 | Gauntlet | Identified the +1 cloak of Pecidwou {+Inv rC+ Will-}
 11624 | Gauntlet | Reached XP level 14. HP: 118/118 MP: 18/18
 11693 | Gauntlet | Identified the +7 long sword "Mirphuh" {vamp, rN+ Int+2}
 12436 | D:15     | Entered Level 15 of the Dungeon
 12474 | D:15     | Reached skill level 10 in Fighting
 12671 | D:15     | Acquired the +1 hat "Onigum" {Str+2 Stlth+}
 12783 | D:15     | Found a shimmering blue altar of Sif Muna.
 12940 | D:15     | Reached skill level 16 in Ranged Weapons
 13078 | D:15     | Identified Roxanne's Volume of Geomancy
 13078 | D:15     | Noticed Roxanne
 13150 | D:15     | Killed Roxanne
 13315 | D:15     | Found a stormy altar of Qazlal.
 13603 | D:15     | Found a staircase to the Depths.
 13633 | Depths:1 | Entered Level 1 of the Depths
 13656 | Depths:1 | Noticed a golden dragon
 13871 | Lair:1   | Entered Level 1 of the Lair of Beasts
 14407 | Lair:1   | Gained mutation: You have very sharp fingernails. [demonic
                  | ancestry]
 14407 | Lair:1   | Reached XP level 15. HP: 128/128 MP: 20/20
 14907 | Lair:2   | Found a frozen archway.
 14934 | IceCv    | Entered an ice cave
 15030 | IceCv    | Reached skill level 5 in Shields
 15169 | IceCv    | Reached skill level 17 in Ranged Weapons
 15262 | IceCv    | Noticed a frost giant
 15281 | IceCv    | Killed a frost giant
 15647 | Lair:2   | Found a hole to the Spider Nest.
 15702 | Lair:2   | Found a staircase to the Swamp.
 15811 | Lair:2   | Noticed Harold
 15815 | Lair:2   | Killed Harold
 16358 | Lair:3   | Reached ****** piety under Fedhas
 16585 | Lair:3   | Noticed Nergalle
 16598 | Lair:3   | Killed Nergalle
 17216 | Lair:4   | Found a staircase to the Slime Pits.
 17396 | Lair:4   | Found a blossoming altar of Fedhas.
 17661 | Lair:5   | Entered Level 5 of the Lair of Beasts
 17996 | Lair:5   | Gained mutation: You sometimes gain power by taking damage.
                  | [demonic ancestry]
 17996 | Lair:5   | Reached XP level 16. HP: 139/139 MP: 18/22
 18033 | Lair:5   | Identified the +4 ring mail of Emyxil {Stlth+}
 18153 | Lair:5   | Noticed Nessos
 18159 | Lair:5   | Killed Nessos
 18228 | Lair:5   | Reached skill level 18 in Ranged Weapons
 18945 | Orc:1    | Entered Level 1 of the Orcish Mines
 19300 | Orc:1    | Noticed Erolcha
 19305 | Orc:1    | Killed Erolcha
 19395 | Orc:2    | Entered Level 2 of the Orcish Mines
 19440 | Orc:2    | Found Hotzoes's General Store.
 19571 | Orc:2    | Paralysed by an ogre mage for 4 turns
 19627 | Orc:2    | Found Yrghyf's Weapon Emporium.
 19635 | Orc:2    | Found Kesain's Weapon Boutique.
 19645 | Orc:2    | Found Ovvil's Book Shoppe.
 19646 | Orc:2    | Found Jyatez's Antique Weapon Shoppe.
 19749 | Orc:2    | Found a staircase to the Elven Halls.
 20650 | Spider:1 | Entered Level 1 of the Spider Nest
 20663 | Spider:1 | Reached skill level 5 in Spellcasting
 20888 | Spider:1 | Noticed Jorgrun
 20901 | Spider:1 | Killed Jorgrun
 21168 | Spider:1 | Reached skill level 10 in Invocations
 21660 | Spider:2 | Gained mutation: You are completely covered in razor-sharp
                  | scales. (AC +3, Slay +3) [demonic ancestry]
 21660 | Spider:2 | Reached XP level 17. HP: 151/151 MP: 25/25
 21935 | Spider:2 | Learned a level 2 spell: Wereblood
 22969 | Spider:4 | Entered Level 4 of the Spider Nest
 23415 | Spider:4 | Reached skill level 15 in Fighting
 24076 | Spider:4 | Got a gossamer rune of Zot
 24488 | Swamp:1  | Entered Level 1 of the Swamp
 25077 | Swamp:1  | Reached skill level 10 in Dodging
 25077 | Swamp:1  | Reached skill level 1 in Transmutations
 25077 | Swamp:1  | Gained mutation: You are powered by pain. [demonic
                  | ancestry]
 25077 | Swamp:1  | Reached XP level 18. HP: 165/165 MP: 26/28
 25573 | Swamp:3  | Gained mutation: You have claws for hands. [demonic
                  | ancestry]
 25573 | Swamp:3  | Reached XP level 19. HP: 172/172 MP: 29/29
 25762 | Swamp:3  | Noticed Bai Suzhen
 25811 | Swamp:3  | Killed Bai Suzhen
 25814 | Swamp:3  | Reached skill level 10 in Armour
 26277 | Swamp:4  | Entered Level 4 of the Swamp
 26354 | Swamp:4  | Noticed Mlioglotl
 26369 | Swamp:4  | Killed Mlioglotl
 26857 | Swamp:4  | Got a decaying rune of Zot
 27757 | Depths:1 | Killed a golden dragon
 27903 | Depths:1 | Found a one-way gateway to a ziggurat.
 27904 | Depths:1 | Noticed a dread lich
 28016 | Depths:1 | Found a gateway to Hell.
 28154 | Depths:1 | Found a snail-covered altar of Cheibriados.
 28205 | Depths:1 | Killed from afar by a blizzard demon

Illustrated notes

Levels and vault maps discovered:
D:1:      lightli_arrival_quake, layout_loops_corners
D:2:      layout_loops_corners, minmay_misc_feat_tower, uniq_terence
D:3:      layout_basic, serial_shops, nicolae_shop_crystal,
          ebering_dispersal_statue_hall, grunt_decor_clamped, uniq_grinder
D:4:      layout_basic, minmay_temple_entry_from_below_a, serial_bayou,
          serial_bayou_shore_b, serial_bayou_shore_a, serial_bayou_shore_b,
          serial_bayou_pond_b, serial_bayou_pond_c, grunt_ministairs_4
D:5:      layout_cave_pools, eino_tiny_chamber, uniq_blork_the_orc
D:6:      layout_loops_ring, mainiacjoe_overflow_swirl
D:7:      layout_cave_pools, elyvilon_altar_5
D:8:      layout_basic, david_lair_shrubbed
D:9:      layout_roguey [special_room_orc], serial_bayou, serial_bayou_shore_b,
          serial_bayou_pond_c, serial_bayou_shore_b, serial_bayou_lagoon_b,
          grunt_ministairs_14, kennysheep_windowed_goal
D:10:     layout_rooms, nicolae_overflow_hidden_temple, marbit_many_paths
D:11:     layout_big_octagon
D:12:     layout_rooms, david_orc_1_choice, gammafunk_ghost_necromancy,
          st_stairs_8, uniq_maurice
D:13:     layout_roguey, grunt_vaults_entry_tiered, serial_shops,
          bzr_entry_water, doesnt_xom_only_xom
D:14:     layout_irregular_city, hex_tiny, gauntlet_entry_generic, minivault_26
D:15:     grunt_enter_depths_hoard, layout_loops_ring,
          nicolae_qazlal_scattered_showers, tgw_sif, uniq_roxanne
Temple:   minmay_temple_bridge_d
Lair:1:   layout_layer_cave, lemuel_fruit_fields, grunt_megastairs_1
Lair:2:   layout_gridlike, minmay_swamp_entry_wisps,
          spider_nest_entry_web_field, portal_ice_cave_rime,
          infiniplex_staircase_pool_2, uniq_harold
Lair:3:   layout_cave_pods, lemuel_fruit_tree, uniq_nergalle
Lair:4:   layout_misc_corridors, slime_entry_1, st_stairs_12,
          hangedman_tree_tricks, infiniplex_staircase_pool
Lair:5:   grunt_lair_end_beastmaster, layout_cave_pods, uniq_nessos
Swamp:1:  layout_falls_marsh, hangedman_swamp_blocks, swamp_pool4,
          nicolae_swamp_stuck_in_the_mud
Swamp:2:  layout_falls_marsh, evilmike_swamp_ruin_rubble_1
Swamp:3:  layout_basic_swamp, evilmike_swamp_ruin_rubble_2, swamp_pool1,
          uniq_bai_suzhen
Swamp:4:  swamp_vile, layout_basic_swamp, swamp_pool3,
          nicolae_swamp_frolicking_bunyips, uniq_mlioglotl
Spider:1: layout_spider_delve, uniq_jorgrun
Spider:2: layout_spider_delve, nicolae_orb_stairs
Spider:3: layout_spider_delve
Spider:4: guppyfry_spider_rune, nicolae_spider_nooks_and_crannies
Orc:1:    layout_diamond_mine, basic_altar, uniq_erolcha
Orc:2:    st_orc_open, layout_caves, serial_shops, nicolae_shop_trees,
          nicolae_orc_jurassic_orc, nicolae_orc_lava_room
Depths:1: layout_cave_pools, enter_ziggurat_d, tso_metal_star, hell_entry,
          slow_altar_2, serial_bayou_shore_b

Skill      XL: |  1  2  3  4  5  6  7  8  9 10 11 12 13 14 15 16 17 18 19 |
---------------+----------------------------------------------------------+-----
Ranged Weapons | 4 5 6 7 9 10 12 13 15 16 17 18 | 18.3
Dodging        | 2 3 4 5 6 7 8 9 10 | 10.5
Stealth        | 1 2 3 4 5 6 |  6.3
Armour         | 1 2 3 4 5 6 7 8 9 10 | 10.9
Fighting       | 3 4 5 6 8 9 10 11 13 15 16 17 | 17.2
Invocations    | 1 3 5 6 7 9 10 11 12 | 12.9
Shields        | 1 2 3 4 5 6 7 8 |  8.6
Spellcasting   | 2 3 4 5 6 |  6.7
Evocations     | 2 4 |  4.2
Transmutations | 1 |  1.1

Action                     |  1- 3 |  4- 6 |  7- 9 | 10-12 | 13-15 | 16-18 | 19-21 || total
---------------------------+-------+-------+-------+-------+-------+-------+-------++-------
   Fire: Shortbow          |    87 |   151 |   351 |       |       |       |       ||   589
         Arbalest          |       |       |       |   250 |       |       |       ||   250
         Hand crossbow     |       |       |       |    64 |       |       |       ||    64
         Longbow           |       |       |       |   113 |   850 |  1093 |   401 ||  2457
 Invoke: Wall of Briars    |       |       |       |     7 |    19 |    28 |    11 ||    65
         Grow Ballistomyce |       |       |       |     1 |     2 |     2 |     1 ||     6
         Grow Oklob        |       |       |       |       |       |     1 |     1 ||     2
         Overgrow          |       |       |       |       |       |       |     2 ||     2
  Evoke: Wand              |       |       |       |     5 |       |       |     5 ||    10
    Use: Potion            |     1 |     3 |       |       |     2 |     5 |     5 ||    16
         Scroll            |       |     5 |     9 |    14 |     9 |     3 |     5 ||    45
 Armour: Leather armour    |    14 |    25 |    19 |       |       |       |       ||    58
         Steam dragon scal |       |       |     4 |    42 |    22 |     6 |       ||    74
         Robe              |       |       |       |       |     5 |       |       ||     5
         Acid dragon scale |       |       |       |       |     1 |   109 |       ||   110
         Swamp dragon scal |       |       |       |       |       |    10 |     4 ||    14
         Storm dragon scal |       |       |       |       |       |       |    90 ||    90
  Dodge: Dodged            |    29 |    57 |    73 |   139 |   133 |   271 |   188 ||   890
  Block: Other             |       |       |       |     3 |    45 |    51 |    47 ||   146
         Reflection        |       |       |       |       |     6 |     1 |       ||     7
